Map: Lost and Found LE

Players

iNcontroL

  • Race: Protoss Protoss
  • League: Grandmaster
  • Spawn Location: 7:00

Jason - Winner!

  • Race: Terran Terran
  • League: Grandmaster
  • Spawn Location: 1:00

VOD

Have the link to the VOD?

Description

Time

  • Played on: June 10, 2018, 7:52 p.m.
  • Length: 8:17
Show
View Real Time Build Order
Export as new Build Order

iNcontroL Protoss 

Build Orders: Dark Templar Rush 

Get SALT Encoding   

  12  0:01  Probe  
  13  0:13  Probe  
  14  0:17  Pylon  
  14  0:25  Probe  
  15  0:35  Probe  
  15  0:36  Gateway  
  16  0:43  Probe  
  16  0:48  Assimilator  
  17  0:53  Probe  
  18  1:05  Probe  
  19  1:17  Probe  
  20  1:24  Cybernetics Core  
  20  1:29  Probe  
  21  1:36  Pylon  
  21  1:41  Probe  
  21  1:45  Pylon  
  22  1:53  Stalker  
  22  1:54  Probe  
  23  2:04  Warp Gate  
  25  2:11  Nexus  
  25  2:17  Probe  
  26  2:23  Stalker  
  27  2:31  Probe  
  27  2:33  Assimilator  
  27  2:34  Pylon  
  28  2:43  Probe  
  29  2:47  Twilight Council  
  29  2:55  Probe  
  30  3:07  Probe  
  32  3:20  Probe  
  31  3:32  Probe  
  32  3:38  Probe  
  33  3:41  Dark Shrine  
  33  3:44  Probe  
  33  3:45  Resonating Glaives  
  33  3:46  Pylon, Probe  
  34  3:54  Shield Battery, Probe  
  35  3:56  Probe  
  37  4:07  Probe  
  37  4:08  Probe  
  38  4:11  Gateway  
  38  4:19  Probe  
  38  4:20  Probe  
  38  4:23  Adept  
  42  4:31  Probe  
  42  4:32  Probe  
  42  4:33  Gateway  
  42  4:34  Gateway  
  44  4:43  Probe  
  44  4:44  Adept, Probe  
  48  4:54  Pylon  
  48  4:55  Probe  
  48  4:56  Robotics Facility, Probe  
  50  5:00  Assimilator  
  50  5:04  Pylon  
  50  5:08  Probe x2  
  50  5:11  Adept  
  50  5:13  Adept  
  56  5:20  Probe, Forge  
  56  5:21  Blink  
  57  5:22  Probe  
  57  5:26  Assimilator  
  58  5:29  Pylon  
  58  5:34  Dark Templar  
  59  5:36  Protoss Ground Weapons Level 1, Probe x2  
  61  5:44  Observer  
  61  5:45  Sentry  
  61  5:49  Pylon  
  64  5:51  Probe  
  65  5:58  Probe  
  65  6:01  Dark Templar  
  65  6:03  Probe  
  67  6:04  Adept  
  67  6:10  Observer  
  70  6:14  Nexus  
  70  6:18  Pylon  
  70  6:24  Dark Templar  
  70  6:26  Probe x2  
  70  6:30  Gateway  
  72  6:33  Gateway  
  72  6:39  Adept x2  
  76  6:44  Warp Prism  
  76  6:59  Adept x2  
  76  7:00  Adept x2  
  84  7:04  Pylon  
  84  7:06  Pylon  
  84  7:13  Robotics Bay  
  84  7:20  Probe x2  
  85  7:26  Immortal  
  85  7:28  Dark Templar  
  91  7:44  Probe x2  
  91  7:45  Probe  
  94  7:52  Dark Templar  
  94  7:53  Zealot  
  94  7:54  Zealot x3  
  95  8:04  Adept  
  95  8:05  Adept x2  
Show
View Real Time Build Order
Export as new Build Order

Jason Terran - Winner!

Build Orders: Reaper Expand, MMM Bio 

Get SALT Encoding   

  12  0:01  SCV  
  13  0:13  SCV  
  14  0:17  Supply Depot  
  14  0:27  SCV  
  15  0:39  SCV  
  16  0:45  Barracks  
  16  0:50  Refinery  
  16  0:52  SCV  
  17  1:04  SCV  
  18  1:18  SCV  
  19  1:36  Orbital Command, Reaper  
  20  1:51  Command Center  
  20  2:02  SCV  
  21  2:14  SCV, Barracks Tech Lab  
  21  2:15  Supply Depot  
  22  2:18  Barracks  
  22  2:27  SCV  
  23  2:33  Concussive Shells  
  25  2:37  Marauder  
  25  2:40  SCV  
  25  2:42  Barracks  
  26  2:50  Refinery  
  26  2:52  SCV  
  29  2:58  Marauder  
  29  3:03  Orbital Command  
  29  3:04  SCV  
  30  3:06  Marine  
  30  3:18  Stimpack  
  30  3:19  Marine, SCV  
  32  3:25  Marine  
  33  3:29  SCV  
  33  3:34  SCV  
  35  3:37  Marine  
  35  3:38  Engineering Bay, Marine  
  37  3:45  SCV  
  37  3:46  SCV  
  37  3:47  Marine  
  40  3:52  Supply Depot  
  40  3:57  SCV  
  40  3:58  SCV  
  42  4:07  Barracks Reactor  
  42  4:08  Marine  
  42  4:09  SCV  
  43  4:10  SCV  
  43  4:13  Missile Turret  
  43  4:15  Terran Infantry Weapons Level 1, Missile Turret  
  44  4:21  SCV  
  44  4:22  SCV  
  46  4:24  Factory  
  46  4:30  Marauder  
  49  4:34  SCV x2  
  50  4:38  Barracks Tech Lab  
  50  4:43  Supply Depot  
  50  4:46  Refinery, SCV x2  
  50  4:47  Marine x2  
  50  4:51  Supply Depot  
  54  5:00  Supply Depot  
  54  5:05  Marauder x2, SCV x2  
  54  5:06  Marine x2  
  62  5:08  Supply Depot, Combat Shields  
  62  5:11  Starport  
  62  5:13  Factory Reactor  
  62  5:17  SCV x2  
  62  5:20  Supply Depot  
  64  5:24  Marine  
  64  5:25  Marine  
  66  5:29  SCV x2  
  66  5:30  Marauder  
  66  5:34  Marauder  
  72  5:36  Supply Depot  
  72  5:41  SCV  
  73  5:43  Barracks  
  73  5:45  Barracks  
  73  5:47  Marine x2  
  75  5:53  Marauder  
  75  5:56  Marauder  
  78  5:59  Factory Reactor  
  78  6:01  Medivac x2  
  82  6:05  SCV  
  82  6:06  SCV  
  82  6:07  Refinery  
  82  6:11  Marine x2  
  86  6:12  Terran Infantry Armor Level 1  
  86  6:17  Supply Depot  
  86  6:19  Marauder  
  86  6:21  Marauder  
  90  6:30  Marine x2  
  90  6:31  Barracks Tech Lab  
  92  6:34  Medivac  
  92  6:37  Medivac  
  96  6:40  Marauder, Marine  
  96  6:42  Marine  
  100  6:47  Supply Depot  
  100  6:48  Marine  
  101  6:55  Marine  
  101  6:56  Marauder  
  101  6:59  Barracks Reactor  
  101  7:00  Marauder  
  106  7:01  Marine  
  106  7:02  Supply Depot x2  
  106  7:06  Marine  
  108  7:11  Supply Depot  
  108  7:14  Marine  
  109  7:17  Marauder  
  109  7:19  Widow Mine x2, Marine  
  109  7:21  Marine  
  117  7:26  Marine  
  118  7:30  Medivac x2  
  118  7:32  Marine  
  118  7:35  Supply Depot  
  123  7:38  Supply Depot  
  123  7:39  Marine  
  123  7:40  Widow Mine x2  
  123  7:43  Marauder  
  130  7:46  Marauder  
Tags
 
Add a new tag
Caveats
  • Supply blocks, unpowered buildings, or Contaminate may cause inaccurate times.
  • Supply counts are checked every 10 seconds.